Map: Lerilak Crest

Players

FreshMeat

  • Race: Protoss Protoss

gorfou - Winner!

  • Race: Zerg Zerg

VOD

Have the link to the VOD?

Description

Time

  • Played on: Nov. 21, 2015, 8:36 a.m.
  • Length: 16:18
Show
View Real Time Build Order
Export as new Build Order

FreshMeat Protoss 

Build Orders:  

Get SALT Encoding   

  12  0:01  Probe (Chrono Boost)  
  13  0:11  Probe (Chrono Boost)  
  14  0:19  Pylon  
  14  0:22  Probe (Chrono Boost)  
  15  0:37  Probe (Chrono Boost)  
  16  0:48  Probe (Chrono Boost)  
  17  0:59  Probe (Chrono Boost)  
  18  1:06  Nexus  
  18  1:09  Probe (Chrono Boost)  
  19  1:22  Pylon  
  19  1:27  Probe (Chrono Boost)  
  20  1:38  Probe (Chrono Boost)  
  21  1:42  Gateway  
  21  1:48  Probe (Chrono Boost)  
  22  1:56  Assimilator  
  22  1:59  Probe (Chrono Boost)  
  23  2:09  Probe (Chrono Boost)  
  23  2:15  Pylon  
  24  2:20  Probe (Chrono Boost)  
  24  2:21  Probe (Chrono Boost)  
  26  2:30  Probe (Chrono Boost)  
  26  2:31  Probe (Chrono Boost)  
  26  2:32  Cybernetics Core  
  28  2:41  Probe (Chrono Boost)  
  28  2:42  Probe (Chrono Boost)  
  29  2:51  Probe (Chrono Boost)  
  29  2:52  Probe (Chrono Boost)  
  31  3:02  Probe (Chrono Boost), Zealot  
  31  3:03  Probe (Chrono Boost)  
  35  3:06  Pylon  
  35  3:11  Assimilator  
  36  3:13  Probe x2 (Chrono Boost)  
  36  3:14  Warp Gate  
  37  3:24  Mothership Core (Chrono Boost)  
  37  3:25  Probe (Chrono Boost)  
  40  3:36  Probe (Chrono Boost)  
  41  3:42  Probe (Chrono Boost)  
  41  3:46  Probe (Chrono Boost)  
  43  3:50  Gateway x2  
  43  3:52  Probe (Chrono Boost)  
  44  3:57  Probe (Chrono Boost)  
  45  4:04  Adept, Robotics Facility  
  47  4:11  Probe (Chrono Boost)  
  47  4:14  Assimilator  
  48  4:18  Assimilator  
  48  4:26  Pylon  
  48  4:34  Probe x2 (Chrono Boost)  
  50  4:44  Probe (Chrono Boost)  
  50  4:45  Stalker, Probe (Chrono Boost)  
  55  4:53  Observer  
  55  4:54  Robotics Bay  
  55  4:55  Probe (Chrono Boost)  
  56  5:05  Probe (Chrono Boost)  
  56  5:06  Probe (Chrono Boost)  
  58  5:15  Probe (Chrono Boost)  
  59  5:26  Nexus  
  59  5:28  Immortal  
  59  5:30  Assimilator  
  59  5:34  Assimilator  
  63  5:48  Stalker x3  
  68  5:56  Probe x2 (Chrono Boost)  
  70  6:10  Probe (Chrono Boost)  
  69  6:21  Pylon  
  69  6:24  Pylon  
  69  6:26  Pylon  
  69  6:37  Pylon  
  73  6:42  Zealot x3  
  79  6:47  Disruptor (Chrono Boost)  
  78  7:04  Probe  
  78  7:05  Gateway x2  
  78  7:06  Probe  
  78  7:07  Gateway  
  80  7:10  Gateway  
  80  7:12  Gateway  
  80  7:15  Probe, Stargate  
  80  7:18  Probe  
  80  7:19  Disruptor (Chrono Boost)  
  85  7:41  Stargate  
  85  7:45  Stalker x3  
  85  7:49  Pylon  
  85  7:51  Pylon  
  91  7:56  Nexus  
  91  8:00  Assimilator  
  91  8:01  Oracle  
  91  8:04  Assimilator  
  94  8:09  Pylon  
  94  8:12  Zealot x2  
  95  8:14  Zealot  
  95  8:16  Zealot x2  
  95  8:17  Zealot x3  
  108  8:37  Pylon, Oracle  
  108  8:38  Pylon  
  108  8:40  Oracle  
  114  8:41  Pylon  
  114  8:42  Pylon  
  114  8:54  Pylon  
  114  8:55  Zealot x2  
  114  8:56  Zealot x5  
  114  8:57  Pylon  
  128  9:04  Twilight Council  
  128  9:12  Warp Prism (Chrono Boost)  
  100  9:30  Zealot x2  
  100  9:31  Zealot x5  
  87  10:00  Oracle x2  
  93  10:13  Pylon  
  93  10:14  Zealot x4  
  93  10:15  Zealot  
  93  10:16  Charge (Chrono Boost)  
  103  10:35  Oracle x2  
  109  10:57  Mothership Core, Zealot x5  
  111  10:58  Zealot  
  123  11:10  Colossus (Chrono Boost)  
  129  11:17  Extended Thermal Lance (Chrono Boost)  
  129  11:31  Zealot x3  
  129  11:32  Zealot x3  
  115  11:52  Zealot x3  
  115  11:53  Zealot x3  
  127  12:03  Colossus  
  91  13:15  Zealot x3  
  91  13:16  Zealot x3  
  83  13:37  Colossus (Chrono Boost)  
  89  13:42  Zealot x3  
  89  13:43  Zealot  
  89  13:47  Nexus  
  97  14:12  Zealot x3  
  103  14:33  Observer (Chrono Boost)  
  86  15:15  Zealot  
  75  15:38  Zealot  
Show
View Real Time Build Order
Export as new Build Order

gorfou Zerg - Winner!

Build Orders: Hatch First 

Get SALT Encoding   

  12  0:01  Drone  
  13  0:13  Overlord  
  13  0:25  Drone  
  14  0:32  Drone x2  
  16  0:38  Drone  
  17  0:55  Hatchery  
  16  1:00  Drone  
  17  1:15  Spawning Pool  
  17  1:17  Drone  
  17  1:19  Drone  
  18  1:25  Drone  
  18  1:30  Drone  
  20  1:40  Overlord  
  20  1:52  Drone  
  21  2:03  Queen  
  21  2:04  Zergling x2  
  24  2:10  Queen  
  24  2:11  Zergling x2  
  27  2:24  Drone x3  
  27  2:28  Overlord  
  30  2:37  Drone  
  30  2:39  Queen  
  33  2:45  Queen  
  35  2:51  Drone  
  35  2:52  Drone x2  
  38  3:03  Drone  
  38  3:04  Drone  
  40  3:07  Hatchery  
  39  3:21  Overlord  
  39  3:22  Drone x5  
  44  3:30  Overlord  
  44  3:33  Overlord  
  44  3:38  Queen  
  46  3:42  Drone x4  
  50  3:50  Queen  
  50  3:52  Drone x3  
  55  4:03  Hatchery  
  55  4:07  Zergling x4  
  55  4:08  Zergling x2  
  57  4:21  Queen  
  57  4:22  Overlord  
  57  4:23  Zergling x10  
  64  4:36  Overlord x2  
  64  4:37  Zergling x10  
  69  4:54  Queen  
  69  4:56  Overlord  
  69  4:57  Zergling x14  
  78  5:08  Zergling x2  
  78  5:09  Overlord  
  78  5:10  Zergling x10  
  84  5:23  Overlord x2  
  84  5:30  Zergling x18  
  93  5:42  Overlord  
  93  5:43  Overlord, Zergling x2  
  93  5:44  Zergling x8  
  98  5:52  Overlord x2  
  98  5:53  Zergling x8  
  101  6:09  Overlord x2  
  101  6:10  Zergling x16  
  109  6:27  Overlord x2  
  109  6:28  Zergling x20  
  119  6:39  Spore Crawler  
  118  6:40  Spore Crawler  
  118  6:42  Spine Crawler  
  118  6:44  Spore Crawler  
  118  6:45  Spore Crawler  
  115  6:47  Drone x2, Spine Crawler  
  115  6:50  Drone  
  115  6:51  Drone  
  118  6:54  Zergling x4  
  118  6:55  Zergling x2  
  120  7:04  Spine Crawler  
  120  7:07  Zergling x10  
  120  7:08  Zergling x2  
  125  7:31  Drone x4, Spore Crawler  
  125  7:32  Spine Crawler, Zergling x18  
  136  7:46  Zergling x4  
  136  7:47  Zergling x16  
  146  7:55  Drone x2  
  146  7:56  Drone  
  149  7:58  Zergling x2  
  149  7:59  Zergling x8  
  154  8:11  Zergling x16  
  154  8:12  Zergling x2  
  163  8:32  Zergling x30  
  163  8:33  Zergling x2  
  179  8:48  Zergling x14  
  186  9:03  Queen  
  186  9:04  Queen  
  186  9:05  Zergling x12  
  196  9:13  Hatchery  
  196  9:14  Queen x2  
  196  9:15  Zergling x2  
  196  9:16  Zergling x2  
  141  9:27  Zergling x10  
  128  9:39  Zergling x6, Queen x2  
  115  9:50  Queen  
  112  9:59  Zergling x24  
  127  10:00  Zergling x6  
  127  10:10  Queen  
  127  10:12  Zergling x12  
  135  10:24  Spore Crawler  
  135  10:26  Spore Crawler  
  133  10:29  Spore Crawler x2  
  133  10:30  Spine Crawler  
  130  10:51  Zergling x2  
  130  10:52  Zergling x8  
  130  10:53  Zergling x28  
  146  11:00  Drone x4  
  146  11:01  Drone  
  150  11:09  Zergling x4  
  150  11:10  Zergling x8  
  147  11:29  Queen x3  
  147  11:30  Zergling x6  
  117  11:37  Drone x4  
  117  11:38  Drone  
  100  11:42  Zergling x4  
  83  12:24  Zergling x34  
  83  12:25  Zergling x30  
  95  12:37  Zergling x20  
  95  12:38  Zergling x2  
  95  12:44  Spine Crawler  
  104  12:46  Spine Crawler  
  104  12:48  Zergling x8  
  104  12:49  Zergling x2  
  99  12:51  Queen  
  87  13:04  Overlord  
  87  13:05  Queen x2  
  81  13:06  Zergling x4  
  81  13:07  Zergling x2  
  82  13:19  Zergling x16  
  81  13:23  Queen  
  74  13:37  Zergling x16  
  82  13:43  Queen  
  84  14:02  Zergling x26  
  97  14:07  Zergling x6  
  100  14:22  Queen  
  100  14:23  Queen x2  
  100  14:24  Zergling x6  
  109  14:31  Zergling x10  
  114  14:32  Zergling x2  
  115  14:42  Queen x2  
  119  14:56  Hatchery, Zergling x2  
  119  14:57  Zergling x10  
  119  14:59  Zergling x2  
  107  15:00  Zergling x2  
  90  15:11  Zergling x16  
  90  15:12  Zergling x2  
  91  15:22  Queen x2  
  91  15:23  Zergling x2  
  91  15:24  Zergling x2  
  90  15:36  Zergling x18  
  96  15:42  Zergling x2  
  96  15:43  Zergling x6  
  96  15:47  Zergling x6  
  91  15:57  Zergling x6  
  91  15:58  Zergling x8  
Tags
 
Add a new tag
Caveats
  • Supply blocks, unpowered buildings, or Contaminate may cause inaccurate times.
  • Supply counts are checked every 10 seconds.